 Dungeon Crawl Stone Soup version 0.31-a0-1074-g0b22e4e0f1 (webtiles) character file.

Game seed: 9915813319605819593

1117 sammy202020 the Changeling (level 8, 62/62 HPs)
             Began as a Merfolk Shapeshifter on Nov 27, 2023.
             Quit the game in an ossuary.
             The game lasted 00:06:22 (5612 turns).

sammy202020 the Changeling (Merfolk Shapeshifter)   Turns: 5612, Time: 00:06:22

Health: 62/62      AC: 17    Str: 14    XL:     8   Next: 34%
Magic:  8/8        EV:  5    Int: 11    God:
Gold:   183        SH:  0    Dex: 14    Spells: 7/7 levels left

rFire   + .          .
                       - Unarmed
rCold   + . .        (shield currently unavailable)
rNeg    + . .        j - +0 plate armour
rPois   +            (no helmet)
rElec   +            b - +0 cloak
rCorr   +            (no gloves)
SInv    .            h - +0 pair of boots
Will    +....        (no amulet) Stlth
                     g - ring of positive energy
HPRegen 0.30/turn    l - +4 ring of protection
MPRegen 0.11/turn

%: no passive effects
@: brilliant, flux-form, resistant, attractive, enlightened, flying, glowing,
invisible (but backlit and visible)
A: glow, contaminating, (nimble swimmer 2), mertail, deterioration 1
a: Begin Untransformation


You were in an ossuary.
You were something dangerously unstable.
You visited 1 branch of the dungeon, and saw 5 of its levels.
You also visited: Ossuary.

You collected 183 gold pieces.

Inventory:

Hand Weapons
 n - a +5 quarterstaff of chaos
Armour
 a - a +0 animal skin
 b - a +0 cloak (worn)
 h - a +0 pair of boots (worn)
 j - a +0 plate armour (worn)
Jewellery
 g - a ring of positive energy (left hand)
 l - a +4 ring of protection (right hand)
Talismans
 c - a beast talisman
 d - a flux talisman (active)
Scrolls
 f - a scroll of fear
 k - 2 scrolls of teleportation
 s - a scroll of fog
Potions
 e - 2 potions of heal wounds
 i - 3 potions of curing
 v - a potion of invisibility


   Skills:
 * Level 5.2 Fighting
 + Level 2.2 Armour
 + Level 5.1 Dodging
 * Level 6.2 Unarmed Combat
 * Level 7.0 Shapeshifting


You had 7 spell levels left.
You didn't know any spells.
Your spell library was empty.

Dungeon Overview and Level Annotations

Branches:
Dungeon (5/15)            Ossuary (1/1)
 Temple: D:4-7

Altars:
Dithmenos
Elyvilon
Makhleb
Okawaru
Trog
Zin

Shops:
D:2 *


Innate Abilities, Weirdness & Mutations

You are something dangerously unstable.
You glow with magical radiation, making you easy to see and hit.
Foes you strike become dangerously contaminated with magical radiation.
You are incapable of wielding weapons or throwing items.
((You are very nimble when in or above water. (Stealth+, EV+, Speed+++)))
Your lower body shifts to a powerful aquatic tail in water.
Your body sometimes deteriorates upon taking damage.


Message History

There are no objects that can be picked up here. a throwing net You start waiting.
Done waiting.
You start waiting.
Done waiting.
You start waiting.
Done waiting.
There are no objects that can be picked up here. a throwing net You struggle against the net.
You tear a large gash into the net.
You rip the net and break free!
You become entangled in the net!
There is a net trap here.
You see here a throwing net.
You tear a large gash into the net.
You shred the net and break free!
As you read the scroll of identify, it crumbles to dust.
s - a scroll of fog
Okay, then.
As you read the scroll of enchant weapon, it crumbles to dust.
Your +4 quarterstaff of chaos glows red for a moment.
As you read the scroll labelled PYRHEA ARGHO, it crumbles to dust.
You hear the flapping of tiny wings.
It was a scroll of butterflies.
It was a potion of magic.
Magic courses through your body.
It was a potion of enlightenment.
You feel very buoyant.
You fly up into the air.
It was a potion of attraction.
You feel attractive to monsters.
It was a potion of resistance.
You feel protected.
It was a potion of brilliance.
You feel clever all of a sudden.
It was a potion of mutation.
You feel extremely strange.
You feel yourself wasting away.
It was a potion of invisibility.
You become transparent, but the glow from your form prevents you from becoming completely invisible.
Are you sure you want to abandon this character and quit the game? (Confirm with "yes".) ### ##∩## ##b..## ##.bb..## #bb.bb..# #bpb.bbb# #bbbbbbb# #bbbbbbb#

##bb^b.##
##bb^bb##
#..b.^..#
##..b^^##
#....^..#
##.....##


There were no monsters in sight!

Vanquished Creatures
  Sigmund (D:5)
  2 ice beasts (D:5)
  A phantom (D:4)
  Blork the orc (D:4)
  2 scorpions (D:4)
  A centaur zombie (Ossuary)
  2 orc priests
  Crazy Yiuf (D:3)
  4 iguanas
  2 orc wizards
  6 mummies (Ossuary)
  6 adders
  3 worms
  2 dart slugs
  11 orcs
  13 endoplasms
  3 giant cockroaches
  9 goblins
  8 hobgoblins
  5 kobolds
  2 quokkas (D:3)
  3 ball pythons
  5 bats
  A frilled lizard (D:1)
  6 hobgoblin zombies (Ossuary)
  5 rats
105 creatures vanquished.

Notes
Turn   | Place    | Note
-------+----------+-------------------------------------------
     0 | D:1      | sammy202020 the Merfolk Shapeshifter began the quest for
                  | the Orb.
     0 | D:1      | Reached XP level 1. HP: 15/15 MP: 1/1
    79 | D:1      | Reached XP level 2. HP: 15/21 MP: 2/2
   466 | D:2      | Found Cuvos Moy's General Store.
   509 | D:2      | Reached XP level 3. HP: 27/27 MP: 3/3
  1567 | D:3      | Reached XP level 4. HP: 33/33 MP: 4/4
  1823 | D:3      | Found a glowing silver altar of Zin.
  2024 | D:3      | Reached XP level 5. HP: 39/39 MP: 5/5
  2169 | D:3      | Found a runed translucent door.
  2170 | D:3      | Noticed Crazy Yiuf
  2604 | D:3      | Killed Crazy Yiuf
  2605 | D:3      | Reached skill level 1 in Armour
  2605 | D:3      | Reached skill level 5 in Shapeshifting
  2855 | D:4      | Reached XP level 6. HP: 23/47 MP: 6/6
  3395 | D:4      | Found a bloodstained altar of Trog.
  3488 | D:4      | Reached skill level 5 in Unarmed Combat
  3488 | D:4      | Reached XP level 7. HP: 46/53 MP: 7/7
  3533 | D:4      | Found a burning altar of Makhleb.
  3790 | D:4      | Noticed Blork the orc
  3800 | D:4      | Killed Blork the orc
  3801 | D:4      | Reached skill level 6 in Shapeshifting
  3901 | D:5      | Entered Level 5 of the Dungeon
  3967 | D:5      | Found a shadowy altar of Dithmenos.
  3999 | D:5      | Found a white marble altar of Elyvilon.
  4168 | D:5      | Found an iron altar of Okawaru.
  4380 | D:5      | Noticed Sigmund
  4394 | D:5      | Killed Sigmund
  4395 | D:5      | Reached XP level 8. HP: 37/61 MP: 8/8
  4550 | D:5      | Reached skill level 5 in Fighting
  4550 | D:5      | Reached skill level 5 in Dodging
  4615 | D:5      | Found a sand-covered staircase.
  4621 | Ossuary  | Entered an ossuary
  4777 | Ossuary  | Reached skill level 7 in Shapeshifting
  5610 | Ossuary  | Gained mutation: Your body sometimes deteriorates upon
                  | taking damage. [potion of mutation]
  5612 | Ossuary  | Quit the game

Illustrated notes

Levels and vault maps discovered:
D:1:      saegor_arrival_miasma, layout_rooms, chequers_mini_garden
D:2:      layout_loops_corners, serial_shops, shop, hangedman_decor_growths
D:3:      layout_loops_ring, general_overflow_altar, roderic_roman_lattice,
          uniq_crazy_yiuf_cottage
D:4:      layout_loops_ring, mainiacjoe_overflow_24_doors, kennysheep_mini,
          uniq_blork_the_orc
D:5:      layout_loops_corners, nicolae_elyvilon_peaceful_grove,
          mainiacjoe_overflow_big_doors, serial_aquarium,
          aquarium_bridge_straight [aquarium_subvault_bridge,
          aquarium_subvault_window, aquarium_subvault_bridge,
          aquarium_subvault_wall], aquarium_window_corridor_1,
          aquarium_window_fake, aquarium_view_2c, aquarium_balcony_3b,
          lightli_ossuary_entry_decrepit_ruins, uniq_sigmund
Ossuary:  ossuary_the_hunt_dpeg

Skill      XL: |  1  2  3  4  5  6  7  8 |
---------------+-------------------------+-----
Dodging        | 3 4 5 |  5.1
Fighting       | 2 3 4 5 |  5.2
Unarmed Combat | 4 5 6 |  6.2
Armour         | 1 2 |  2.2
Shapeshifting  | 5 6 7 |  7.0

Action                     |  1- 3 |  4- 6 |  7- 9 || total
---------------------------+-------+-------+-------++-------
  Melee: Unarmed           |    96 |   128 |   149 ||   373
         Punch             |     1 |       |       ||     1
    Use: Scroll            |     5 |     1 |     5 ||    11
         Potion            |       |     1 |     7 ||     8
 Armour: Animal skin       |     7 |       |       ||     7
         Ring mail         |     7 |       |       ||     7
         Plate armour      |    35 |   102 |   135 ||   272
         Skin              |       |     1 |       ||     1
  Dodge: Dodged            |    35 |    20 |    28 ||    83
   Form: Flux              |       |     1 |       ||     1

Table legend: (Time is in decaauts)
 A = Elapsed time spent in this place.
 B = Non-inter-level travel time spent in this place.
 C = Inter-level travel time spent in this place.
 D = Time resting spent in this place.
 E = Time spent auto-exploring this place.
 F = Levels seen in this place.
 G = Mean time per level.
                   A        B        C        D        E       F      G
               +--------+--------+--------+--------+--------+-----+--------+
         Total |   5576 |   5456 |    120 |    823 |   3724 |   6 |  929.3 |
       Dungeon |   4592 |   4472 |    120 |    123 |   3565 |   5 |  918.4 |
       Ossuary |    984 |    984 |      0 |    700 |    159 |   1 |  984.0 |
               +--------+--------+--------+--------+--------+-----+--------+

Top non-repeatable levels by time:
     D:3: 1371 daAuts
     D:4: 1055 daAuts
     D:2: 1004 daAuts
 Ossuary: 984 daAuts
     D:5: 712 daAuts
     D:1: 448 daAuts
